 Dungeon Crawl Stone Soup version 0.20-a0-270-g8e735b6 (webtiles) character file.

2804 Leszczynek the Grappler (level 9, -10/84 HPs)
             Began as a Troll Wanderer on Dec 10, 2016.
             Was a Believer of Makhleb.
             Mangled by a gnoll
             ... wielding a +2 halberd of electrocution
              (11 damage)
             ... in a bailey.
             The game lasted 00:17:45 (2857 turns).

Leszczynek the Grappler (Troll Wanderer)            Turns: 2857, Time: 00:17:46

Health: -10/84     AC:  8    Str: 22    XL:     9   Next: 44%
Magic:  5/8        EV: 12    Int:  8    God:    Makhleb [**....]
Gold:   151        SH:  0    Dex: 12    Spells: 7/8 levels left

rFire  . . .     SeeInvis .       - Unarmed
rCold  + . .     Gourm    +     b - +1 robe
rNeg   . . .     Faith    .     (no shield)
rPois  +         Spirit   .     (helmet restricted)
rElec  .         Reflect  .     K - +1 cloak
rCorr  .         Harm     .     (gloves unavailable)
MR     .....                    (boots unavailable)
Stlth  +.........               (no amulet)
                                G - ring of loudness (curse)
                                j - ring of protection from cold

@: no status effects
A: unfitting armour, claws 3, fast metabolism 3, gourmand, poison resistance,
regeneration 1, screaming 1, shaggy fur 1, tough skin 2, subdued magic 1,
MP-powered wands
a: Minor Destruction, Renounce Religion


You were in a bailey.
You worshipped Makhleb.
Makhleb was pleased with you.
You were not hungry.

You visited 2 branches of the dungeon, and saw 9 of its levels.
You also visited: Sewer and Bailey.

You collected 151 gold pieces.

Inventory:

Missiles
 r - 33 tomahawks of returning
 C - 9 tomahawks (quivered)
 D - 7 curare-tipped needles
Armour
 b - a +1 robe (worn)
 K - a +1 cloak (worn)
Magical Staves
 H - an uncursed staff of energy
Jewellery
 j - a ring of protection from cold (left claw)
 z - an uncursed ring of poison resistance
 G - a cursed ring of loudness (right claw)
Wands
 f - a wand of hasting (6/9)
 m - a wand of acid (4/15)
 y - a wand of paralysis (14/24)
 I - a wand of heal wounds (3/9)
Scrolls
 a - a scroll of silence {unknown}
 c - 4 scrolls of teleportation
 e - a scroll of remove curse {unknown}
 i - a scroll of blinking {unknown}
 l - a scroll of immolation
 n - a scroll of fear {unknown}
 v - a scroll of magic mapping {unknown}
 A - a scroll of noise {unknown}
 B - a scroll of amnesia {unknown}
 F - a scroll of recharging {unknown}
Potions
 h - 2 potions of might {unknown}
 k - a potion of berserk rage
 p - 2 potions of flight
 t - 6 potions of curing
 u - 3 potions of magic
 w - a potion of haste
 x - a potion of heal wounds
 J - a potion of lignification {unknown}
Comestibles
 d - 4 bread rations
 g - a beef jerky
 o - 2 slices of pizza
 q - a meat ration
 s - 9 fruits
 E - 16 chunks of flesh


   Skills:
 - Level 4.1 Fighting
   Level 1.0 Short Blades
   Level 1.0 Maces & Flails
 - Level 5.9 Dodging
 - Level 1.5 Stealth
   Level 1.0 Shields
 + Level 10.1 Unarmed Combat


You had 7 spell levels left.
You knew the following spells:

 Your Spells              Type           Power        Failure   Level  Hunger
a - Animate Skeleton      Necr           N/A          38%         1    ##.....


Dungeon Overview and Level Annotations

Branches:
Dungeon (8/15)             Temple (1/1) D:5            Lair (0/6) D:8

Altars:
Cheibriados
Dithmenos
Fedhas
Gozag
Hepliaklqana
Makhleb
Okawaru
Qazlal
Uskayaw
Vehumet
Xom
The Shining One

Shops:
D:4 [


Innate Abilities, Weirdness & Mutations

You are too large for most types of armour.
You have claws for hands.
Your metabolism is lightning-fast.
You like to eat raw meat.
Your natural rate of healing is unusually fast.
You are covered in fur. (AC +1)
You have very tough skin. (AC +2)
Your system is resistant to poisons. (rPois)
You occasionally shout uncontrollably at your foes.
Your spells are a little easier to cast, but a little less powerful.
You expend magic power (3 MP) to strengthen your wands.


Message History

a halberd of electrocution; a gnoll skeleton The helpless gnoll fails to defend itself.
You mangle the gnoll!!
You kill the gnoll!
Makhleb accepts your kill. The gnoll closely misses you.
The gnoll hits you with a halberd of electrocution.
You are electrocuted!
* * * LOW HITPOINT WARNING * * *
There is an open door, spattered with blood here.
Things that are here:
a halberd of electrocution; a gnoll corpse You claw the gnoll!
The gnoll is heavily wounded.
You scratch the gnoll.
The gnoll is almost dead.
The gnoll hits you with a halberd of electrocution!
* * * LOW HITPOINT WARNING * * *
You are electrocuted!
You die...

## ### ### ### #(#
#.# #†# #.# #.###(#
#'##'##+ #'##'##(##
#†.÷..# #.†...##
###.....#####)÷...###
#.†..∩..'.#.'††⌠..'.#
###.....#####.....###
##.†...## ##g....#
##'##'##'###@##'##'#
#∩###.###)')###.# #.#
### ### ##### ### ##


You could see a gnoll.

Vanquished Creatures
  Psyche (D:8)
  Sigmund (D:3)
  A wyvern (D:8)
  Menkaure (D:7)
  2 sky beasts
  An orc warrior (D:7)
  2 phantoms (D:8)
  An ogre (D:4)
  A centaur (D:6)
  An eye of draining (D:8)
  5 bullfrogs
  3 scorpions
  5 killer bees (D:8)
  A howler monkey (D:8)
  The ghost of stickyfingers the Cutter, a weakling DEAr (D:3)
  2 bullfrog zombies (D:7)
  A crimson imp (D:5)
  A bullfrog skeleton (D:4)
  2 hounds
  2 worker ants
  2 iguanas
  2 orc wizards
  A howler monkey zombie (D:6)
  7 gnolls
  8 adders
  3 river rats (Sewer)
  2 adder skeletons
  3 worms
  3 dart slugs
  13 orcs
  5 giant cockroaches
  8 goblins
  8 hobgoblins
  2 jackals (D:3)
  13 kobolds
  4 ball pythons (Sewer)
  6 frilled lizards
  A jackal skeleton (D:5)
  A leopard gecko skeleton (D:3)
  A quokka skeleton (D:6)
  12 rats
140 creatures vanquished.

Vanquished Creatures (others)
  3 plants (D:8)
3 creatures vanquished.

Grand Total: 143 creatures vanquished

Notes
Turn   | Place    | Note
-------+----------+-------------------------------------------
     0 | D:1      | Leszczynek the Troll Wanderer began the quest for the Orb.
     0 | D:1      | Leszczynek set off with: a +2 short sword, a +0 robe, a scroll of teleportation, 2 bread rations, a +0 dagger
     0 | D:1      | Reached XP level 1. HP: 22/22 MP: 0/0
     0 | D:1      | stats 17/7/12 (+2/+3/+7)
     6 | D:1      | Noticed a polar bear
     6 | D:1      | Noticed a water moccasin
     6 | D:1      | Noticed an eight-headed hydra
     7 | D:1      | Noticed a crocodile
     7 | D:1      | Noticed a wolf
    51 | D:1      | Reached skill level 1 in Unarmed Combat
   141 | D:1      | Reached XP level 2. HP: 29/29 MP: 1/1
   205 | D:1      | Reached skill level 2 in Unarmed Combat
   578 | D:3      | Reached XP level 3. HP: 36/36 MP: 2/2
   581 | D:3      | Reached skill level 3 in Unarmed Combat
   636 | D:3      | Found a hazy altar of Hepliaklqana.
   678 | D:3      | Noticed a scorpion
   686 | D:3      | Noticed Sigmund
   694 | D:3      | Killed Sigmund
   694 | D:3      | Reached skill level 5 in Unarmed Combat
   694 | D:3      | Reached XP level 4. HP: 22/44 MP: 3/3
   694 | D:3      | Reached XP level 5. HP: 25/50 MP: 4/4
   700 | D:3      | Found a shimmering altar of Xom.
   736 | D:3      | Noticed stickyfingers's ghost (weakling DEAr)
   747 | D:3      | Killed stickyfingers's ghost
   767 | D:3      | Reached skill level 6 in Unarmed Combat
   767 | D:3      | Reached XP level 6. HP: 46/59 MP: 5/5
   805 | D:3      | Found a glowing drain.
   856 | Sewer    | Entered a sewer
  1275 | D:4      | Reached skill level 7 in Unarmed Combat
  1409 | D:4      | Reached XP level 7. HP: 35/66 MP: 6/6
  1434 | D:4      | Found Giefut's Armour Boutique.
  1528 | D:5      | Entered Level 5 of the Dungeon
  1582 | D:5      | Found a staircase to the Ecumenical Temple.
  1602 | Temple   | Entered the Ecumenical Temple
  1650 | Temple   | Became a worshipper of Makhleb the Destroyer
  1725 | D:6      | Reached skill level 8 in Unarmed Combat
  1858 | D:6      | Reached skill level 3 in Fighting
  1900 | D:7      | Found a stormy altar of Qazlal.
  1910 | D:7      | Reached skill level 4 in Fighting
  1910 | D:7      | Reached XP level 8. HP: 66/78 MP: 7/7
  2022 | D:7      | Noticed Menkaure
  2026 | D:7      | Killed Menkaure
  2026 | D:7      | Reached skill level 2 in Dodging
  2187 | D:7      | Reached skill level 9 in Unarmed Combat
  2256 | D:8      | HP: 11/117 [killer bee (9)]
  2258 | D:8      | Reached * piety under Makhleb
  2328 | D:8      | Reached skill level 10 in Unarmed Combat
  2338 | D:8      | Found a hide-covered altar of Uskayaw.
  2344 | D:8      | Reached skill level 3 in Dodging
  2386 | D:8      | Gained mutation: Your spells are a little easier to cast, but a little less powerful. [mutagenic meat]
  2387 | D:8      | Gained mutation: You expend magic power (3 MP) to strengthen your wands. [mutagenic meat]
  2388 | D:8      | Gained mutation: Your system is resistant to poisons. (rPois) [mutagenic meat]
  2389 | D:8      | Gained mutation: You occasionally shout uncontrollably at your foes. [mutagenic meat]
  2445 | D:8      | Reached XP level 9. HP: 84/84 MP: 4/8
  2455 | D:8      | Reached skill level 4 in Dodging
  2526 | D:8      | Found a staircase to the Lair.
  2527 | D:8      | Noticed a komodo dragon
  2549 | D:8      | Identified the Volume of Evil Rites
  2554 | D:8      | Learned a level 1 spell: Animate Skeleton
  2560 | D:8      | Noticed Psyche
  2565 | D:8      | Killed Psyche
  2565 | D:8      | Reached skill level 5 in Dodging
  2575 | D:8      | wut
  2668 | D:8      | Found a flagged portal.
  2694 | Bailey   | Entered a bailey
  2766 | Bailey   | Noticed an orc knight
  2766 | Bailey   | Reached ** piety under Makhleb
  2857 | Bailey   | HP: 1/84 [gnoll/halberd of electrocution (14)]
  2857 | Bailey   | Mangled by a gnoll

Vault maps used:
D:1:      onia_arrival_zoo_common, kennysheep_minor_cross,
          minmay_split_cup_small
D:2:      lemuel_crystal_altar, nicolae_overflow_hidden_temple, first_bread,
          minmay_misc_feat_four_crosses
D:3:      old_standard_altar, amethyst_overflow_temple_binary,
          gup_sewer_entry_glass, xom_teletrap_fun, uniq_natasha, uniq_sigmund
D:4:      serial_shops, shop, st_stairs_12
D:5:      kennysheep_mini, ashenzari_conservatory_becter, minivault_27,
          minmay_fire_ice_demons
D:7:      grunt_qazlal_sundering, grunt_decor_resistance, uniq_menkaure
D:8:      lemuel_crystal_altar, eat_drink_and_be_merry_uskayaw,
          david_lair_shrubbed, enter_bailey_7, uniq_maurice, uniq_psyche
Temple:   compressed_dpeg_triangle_lava_temple
Sewer:    sewer_co_cracked_pipes
Bailey:   bailey_axe_2, bailey

Skill      XL: |  1  2  3  4  5  6  7  8  9 |
---------------+----------------------------+-----
Unarmed Combat | 1 2 5 6 7 8 10 | 10.1
Fighting       | 4 |  4.1
Dodging        | 3 5 |  5.9
Short Blades   | |  1.0
Maces & Flails | |  1.0
Stealth        | |  1.5
Shields        | |  1.0

Action                   |  1- 3 |  4- 6 |  7- 9 || total
-------------------------+-------+-------+-------++-------
Melee: Short sword       |    45 |       |       ||    45
       Unarmed           |    27 |   127 |   245 ||   399
       Punch             |       |     3 |     9 ||    12
Evoke: Wand              |       |       |     2 ||     2
  Use: Scroll            |       |     4 |     7 ||    11
       Potion            |       |       |     2 ||     2
 Stab: Sleeping          |     1 |     2 |       ||     3
       Distracted        |       |     1 |       ||     1
       Paralysed         |       |       |     3 ||     3
  Eat: Chunk             |     5 |     6 |    17 ||    28
Armor: Robe              |    19 |    24 |    63 ||   106
Dodge: Dodged            |    24 |    54 |   167 ||   245
